Map: Deathaura LE

Players

Seither

  • Race: Terran Terran
  • Spawn Location: 5:00

Probe - Winner!

  • Race: Protoss Protoss
  • League: Master
  • Spawn Location: 11:00

Event: DreamHack SC2 Masters 2020 Fall

VOD

Have the link to the VOD?

Description

Time

  • Played on: Aug. 26, 2020, 7:13 a.m.
  • Length: 17:32

All games in this series

Show
View Real Time Build Order
Export as new Build Order

Seither Terran 

Build Orders: Reaper Expand 

Get SALT Encoding   

  12  0:00  SCV  
  13  0:12  SCV  
  14  0:17  Supply Depot  
  14  0:24  SCV  
  15  0:38  SCV  
  15  0:40  Barracks  
  16  0:43  Refinery  
  16  0:50  SCV  
  17  1:03  SCV  
  18  1:15  SCV  
  19  1:27  Orbital Command  
  19  1:28  Reaper  
  20  1:42  Command Center  
  20  1:49  Supply Depot  
  20  1:53  SCV  
  21  2:01  Marine  
  22  2:08  Factory  
  22  2:10  SCV  
  22  2:15  Refinery  
  23  2:21  Barracks Reactor  
  23  2:25  Bunker  
  23  2:27  SCV  
  24  2:39  SCV  
  25  2:51  SCV  
  25  2:57  Orbital Command  
  25  3:01  Starport  
  25  3:08  SCV  
  25  3:13  Widow Mine x2  
  25  3:17  Barracks Tech Lab  
  28  3:21  SCV  
  29  3:31  SCV  
  29  3:33  SCV  
  31  3:36  Widow Mine x2  
  35  3:43  Medivac  
  35  3:45  SCV x2  
  35  3:46  Supply Depot  
  39  3:57  SCV  
  39  3:58  SCV  
  41  4:04  Widow Mine x2  
  41  4:09  SCV, Supply Depot  
  46  4:10  SCV  
  46  4:14  Medivac  
  49  4:22  SCV x2  
  51  4:26  Stimpack, Marine  
  52  4:32  Barracks  
  52  4:33  Engineering Bay, Barracks  
  52  4:34  SCV x2  
  54  4:41  Factory Tech Lab  
  54  4:44  Supply Depot  
  54  4:46  SCV x2  
  54  4:47  Refinery  
  54  4:52  Marine  
  57  4:58  SCV  
  57  4:59  SCV  
  59  5:03  Terran Infantry Weapons Level 1  
  59  5:09  Barracks  
  59  5:10  SCV, Barracks, Factory Tech Lab, Refinery  
  59  5:11  SCV  
  57  5:23  SCV x2  
  57  5:24  Marauder, Marine x2  
  63  5:44  Marauder, Marine x2  
  63  5:45  Marauder, Starport Reactor  
  63  5:46  SCV x2  
  67  5:51  Combat Shield, Missile Turret  
  67  6:00  Barracks Tech Lab, Barracks Reactor  
  67  6:01  SCV  
  67  6:02  SCV  
  65  6:05  Supply Depot  
  65  6:06  Marine x2  
  65  6:07  Marauder, Supply Depot  
  69  6:21  Supply Depot  
  69  6:24  Marine  
  69  6:25  Marine  
  70  6:26  Medivac, Siege Tank  
  70  6:27  Marauder  
  70  6:28  Medivac, Marauder  
  70  6:32  Supply Depot  
  81  6:33  Supply Depot  
  81  6:35  Marauder  
  81  6:38  Marine x2  
  81  6:39  Concussive Shells  
  85  6:41  Marine  
  85  6:46  SCV x2  
  86  6:48  Marauder  
  86  6:50  Marauder, Marine  
  91  6:56  Marauder  
  91  6:59  Siege Tank  
  96  7:15  Viking x2  
  100  7:16  Terran Infantry Armor Level 1, Supply Depot  
  100  7:18  Supply Depot  
  100  7:19  SCV x2  
  100  7:22  Marauder x3, Marine  
  103  7:34  Siege Tank  
  106  7:40  Marine x2  
  106  7:43  Marauder x2  
  112  7:44  Supply Depot  
  112  7:52  Marine  
  112  7:53  Marine  
  112  7:54  Viking x2  
  118  8:04  Marine  
  118  8:05  Marine  
  120  8:06  Supply Depot  
  120  8:11  Marauder x3  
  126  8:13  Siege Tank  
  129  8:20  Marine x2  
  129  8:24  Viking  
  129  8:26  Supply Depot  
  133  8:28  Viking  
  133  8:30  Supply Depot  
  133  8:34  Marauder x2, Marine  
  133  8:39  Marine x2  
  140  8:48  Siege Tank  
  123  9:11  Marauder, Marine x2  
  123  9:12  Marauder  
  123  9:16  Marine  
  123  9:17  Marauder, Marine  
  116  9:21  Viking x2, Siege Tank  
  118  9:29  Supply Depot, Marine x2  
  120  9:33  Marauder  
  122  9:40  Marauder, Marine x2  
  122  9:41  Marauder  
  128  9:47  Marine x2  
  128  9:51  Bunker  
  130  9:53  Siege Tank  
  130  9:54  Marine  
  130  9:58  Marine  
  133  10:02  Marauder  
  133  10:05  Marine  
  133  10:06  Marauder  
  138  10:12  Marauder  
  129  10:18  Marine x2  
  114  10:23  Marauder  
  114  10:25  Siege Tank  
  114  10:27  Marauder  
  107  10:29  Marine x2  
  107  10:35  Marine  
  106  10:36  Marine x2  
  106  10:40  Medivac x2  
  106  10:45  Marauder  
  106  10:48  Marauder, Marine x2  
  109  10:53  Marauder  
  109  10:56  Marine x2  
  112  11:01  Siege Tank  
  115  11:05  Marine  
  115  11:06  Marauder, Marine  
  115  11:10  Marauder  
  118  11:14  Marauder, Marine  
  121  11:18  Orbital Command, Medivac x2  
  123  11:28  Marine x4  
  123  11:31  Marauder  
  129  11:36  Marauder  
  129  11:39  Missile Turret  
  131  11:52  SCV x2  
  127  11:55  Marine x2  
  127  11:56  Marauder x2  
  133  12:04  SCV  
  133  12:05  SCV  
  133  12:08  Medivac x2  
  135  12:15  Marine x2  
  135  12:16  Marine x3  
  135  12:17  SCV  
  141  12:25  Refinery  
  141  12:29  Marine x2  
  143  12:31  Refinery  
  143  12:41  Marine x3  
  143  12:42  Marine  
  147  12:46  SCV x2  
  149  13:09  Viking x2  
  149  13:10  Marine x5  
  149  13:11  Marauder  
  160  13:19  Supply Depot x2  
  147  13:23  Marine  
  146  13:28  Marine x2  
  144  13:41  Viking  
  144  13:42  Viking  
  144  13:43  Marine x2  
  150  13:54  Marine x2  
  150  13:55  Marauder  
  144  14:10  Marine  
  144  14:11  Marauder x2  
  149  14:22  Marine x2  
  149  14:23  Siege Tank, Marauder  
  154  14:32  Viking  
  155  14:41  Marine  
  155  14:42  Marine  
  157  14:50  Viking  
  159  14:58  Siege Tank  
  159  15:01  Missile Turret  
  159  15:07  Viking  
  153  15:20  Viking  
  153  15:21  Marine x2  
  150  15:24  SCV x2  
  147  15:30  Siege Tank  
  143  15:36  SCV x2  
  143  15:41  Marauder, Marine x2  
  146  15:48  SCV x2  
  142  15:52  Marine x2  
  113  16:12  Marauder, Marine x2  
  113  16:13  Marauder  
  113  16:16  SCV x2  
  113  16:18  Marine  
  120  16:36  Marauder x2, Marine x2  
Show
View Real Time Build Order
Export as new Build Order

Probe Protoss - Winner!

Build Orders: 1 Gate Expand, Phoenix Opening, Colossus Rush 

Get SALT Encoding   

  12  0:00  Probe  
  13  0:12  Probe  
  14  0:17  Pylon  
  14  0:24  Probe (Chrono Boost)  
  15  0:37  Gateway, Probe (Chrono Boost)  
  16  0:44  Probe (Chrono Boost)  
  16  0:49  Assimilator  
  17  0:51  Probe  
  18  1:03  Probe  
  19  1:15  Probe  
  20  1:25  Cybernetics Core  
  20  1:32  Nexus  
  20  1:34  Probe  
  21  1:41  Pylon  
  21  1:46  Probe  
  22  1:50  Assimilator  
  22  1:58  Adept (Chrono Boost), Probe  
  25  2:05  Shield Battery  
  25  2:10  Probe  
  26  2:18  Adept (Chrono Boost)  
  27  2:22  Probe  
  28  2:31  Stargate  
  28  2:35  Probe  
  29  2:40  Stalker  
  31  2:47  Warp Gate, Probe  
  31  2:48  Probe (Chrono Boost)  
  33  3:00  Probe (Chrono Boost)  
  33  3:04  Probe (Chrono Boost)  
  35  3:09  Probe (Chrono Boost)  
  37  3:12  Probe (Chrono Boost)  
  37  3:14  Probe  
  37  3:18  Phoenix (Chrono Boost)  
  38  3:23  Probe  
  38  3:24  Pylon  
  38  3:27  Probe  
  40  3:33  Assimilator  
  40  3:34  Phoenix  
  40  3:35  Assimilator, Probe  
  40  3:39  Probe  
  44  3:44  Shield Battery  
  44  3:47  Probe  
  45  3:51  Probe  
  45  3:53  Robotics Facility  
  46  3:59  Probe  
  46  4:00  Phoenix (Chrono Boost)  
  49  4:03  Probe  
  49  4:08  Pylon  
  50  4:11  Probe  
  50  4:15  Probe  
  52  4:23  Probe, Pylon  
  53  4:26  Phoenix (Chrono Boost)  
  53  4:27  Probe  
  56  4:36  Probe  
  57  4:39  Probe, Pylon  
  57  4:42  Observer (Chrono Boost)  
  57  4:44  Phoenix, Robotics Bay  
  61  4:50  Gateway  
  61  4:53  Probe x2  
  61  4:55  Observer (Chrono Boost)  
  61  4:59  Pylon  
  64  5:08  Pylon, Probe x2  
  64  5:09  Phoenix  
  64  5:13  Observer (Chrono Boost)  
  69  5:20  Probe  
  70  5:25  Stalker  
  70  5:27  Probe  
  73  5:31  Colossus (Chrono Boost)  
  73  5:34  Probe  
  77  5:48  Probe x2  
  77  6:00  Probe x2  
  79  6:16  Sentry, Nexus  
  81  6:19  Probe  
  81  6:21  Phoenix  
  81  6:22  Probe  
  85  6:26  Colossus (Chrono Boost)  
  85  6:31  Probe  
  92  6:33  Pylon  
  92  6:35  Pylon  
  92  6:36  Probe  
  92  6:39  Forge  
  93  6:50  Observer  
  93  6:51  Phoenix, Pylon  
  95  6:56  Zealot x2  
  95  7:00  Shield Battery  
  95  7:01  Shield Battery  
  99  7:07  Probe  
  94  7:12  Probe  
  95  7:16  Phoenix  
  95  7:21  Colossus (Chrono Boost)  
  95  7:22  Shield Battery  
  97  7:23  Photon Cannon, Probe  
  97  7:25  Sentry  
  97  7:26  Sentry  
  109  7:41  Phoenix (Chrono Boost)  
  109  7:42  Gateway  
  109  7:43  Gateway  
  110  7:55  Stargate  
  110  7:56  Shield Battery  
  110  7:58  Pylon  
  110  8:00  Phoenix (Chrono Boost)  
  110  8:09  Disruptor  
  110  8:10  Shield Battery  
  110  8:12  Shield Battery  
  113  8:18  Shield Battery  
  113  8:19  Shield Battery  
  113  8:22  Adept x2  
  117  8:32  Phoenix (Chrono Boost)  
  119  8:39  Zealot x2  
  123  8:45  Disruptor  
  123  8:47  Pylon x2  
  128  8:48  Phoenix (Chrono Boost)  
  128  8:51  Phoenix (Chrono Boost)  
  130  8:59  Zealot  
  130  9:00  Stalker x3  
  114  9:20  Phoenix x2  
  114  9:22  Zealot  
  111  9:25  Stalker  
  111  9:26  Zealot x2  
  117  9:35  Shield Battery  
  117  9:40  Shield Battery  
  117  9:41  Gateway  
  117  9:42  Gateway  
  117  9:44  Zealot, Gateway  
  117  9:45  Phoenix, Shield Battery, Pylon  
  121  9:49  Pylon  
  121  9:50  Zealot x3  
  127  9:53  Phoenix  
  127  9:56  Disruptor (Chrono Boost)  
  120  10:19  Zealot x3  
  108  10:22  Nexus  
  84  10:30  Phoenix  
  84  10:34  Stalker  
  80  10:39  Observer  
  77  10:53  Stalker x3  
  81  11:01  Phoenix x2  
  85  11:07  Nexus  
  85  11:14  Disruptor  
  88  11:20  Probe  
  89  11:26  Phoenix  
  89  11:27  Phoenix  
  89  11:31  Pylon  
  91  11:37  Sentry x2  
  95  11:41  Probe x2  
  97  11:53  Colossus (Chrono Boost)  
  102  12:09  Phoenix, Shield Battery  
  102  12:12  Shield Battery  
  104  12:15  Shield Battery  
  104  12:17  Phoenix  
  106  12:24  Stalker  
  108  12:37  Phoenix  
  108  12:42  Disruptor (Chrono Boost)  
  108  12:43  Shield Battery  
  113  12:45  Shield Battery  
  113  12:47  Shield Battery  
  113  13:03  Disruptor (Chrono Boost)  
  116  13:12  Phoenix x2  
  117  13:24  Zealot  
  117  13:25  Zealot x3  
  123  13:27  Observer  
  120  13:40  Disruptor  
  120  13:41  Phoenix  
  122  13:45  Nexus  
  122  13:47  Pylon  
  118  14:06  Phoenix  
  118  14:07  Phoenix  
  120  14:10  Assimilator  
  120  14:11  Zealot  
  120  14:12  Zealot x3  
  120  14:16  Disruptor (Chrono Boost)  
  123  14:31  Phoenix  
  123  14:34  Phoenix  
  127  14:44  Probe x2  
  129  14:47  Zealot  
  129  14:48  Zealot x3  
  129  14:50  Twilight Council  
  137  14:56  Phoenix  
  137  14:59  Disruptor (Chrono Boost)  
  139  15:04  Probe x2  
  140  15:22  Stalker x4  
  145  15:47  Nexus  
  145  15:49  Disruptor (Chrono Boost)  
  145  15:52  Charge (Chrono Boost)  
  145  15:54  Zealot x4  
  150  16:16  Phoenix  
  150  16:17  Zealot x4  
  160  16:20  Pylon  
  160  16:22  Assimilator  
  160  16:23  Assimilator  
  154  16:41  Zealot  
  154  16:42  Zealot x3  
  154  16:46  Disruptor  

Tags
 
Add a new tag
Caveats
  • Supply blocks, unpowered buildings, or Contaminate may cause inaccurate times.
  • Supply counts are checked every 10 seconds.